 Dungeon Crawl Stone Soup version 0.32-a0-995-gb4a59205af (webtiles) character file.

Game seed: 8764443778360624230

44 protoss039 the Digger (level 3, -3/27 HPs)
             Began as a Demonspawn Earth Elementalist on Apr 22, 2024.
             Slain by a gnoll
             ... wielding a +0 flail
              (8 damage)
             ... on level 3 of the Dungeon.
             The game lasted 00:03:14 (2381 turns).

protoss039 the Digger (DsEE)                        Turns: 2381, Time: 00:03:15

Health: -3/27      AC:  8    Str:  8    XL:     3   Next: 39%
Magic:  6/6        EV:  9    Int: 17    God:
Gold:   78         SH:  0    Dex: 13    Spells: 0/7 levels left

rFire   . . .        f - +0 dagger
rCold   . . .        (no shield)
rNeg    . . .        c - +0 ring mail
rPois   .            b - +2 helmet
rElec   .            (no cloak)
rCorr   .            (no gloves)
SInv    .            (no boots)
Will    .....        (no amulet)
Stlth   +            (no ring)
HPRegen 0.24/turn    (no ring)
MPRegen 0.10/turn

%: no passive effects
@: very slightly contaminated
A: powered by pain 1
a: no special abilities


You were on level 3 of the Dungeon.
You visited 1 branch of the dungeon, and saw 3 of its levels.

You collected 114 gold pieces.
You spent 36 gold pieces at shops.

Inventory:

Hand Weapons
 f - a +0 dagger (weapon)
Armour
 b - a +2 helmet (worn)
 c - a +0 ring mail (worn)
Jewellery
 j - a ring of fire
Scrolls
 d - a scroll of noise {unknown}
 g - a scroll of blinking {unknown}
 h - 3 scrolls of identify {unknown}
 i - a scroll of vulnerability {unknown}
 l - a scroll of enchant weapon {unknown}
 m - a scroll of amnesia {unknown}
 n - a scroll of teleportation {unknown}
Potions
 a - 2 potions of haste {unknown}
 e - 2 potions of curing
 k - a potion of enlightenment {unknown}


   Skills:
 + Level 1.6 Fighting
 * Level 0.1 Armour
 + Level 1.7 Dodging
 - Level 1.7 Stealth
 + Level 2.5 Spellcasting
 + Level 1.0 Conjurations
 + Level 3.1 Earth Magic


You couldn't memorise any spells.
You knew the following spells:

 Your Spells              Type           Power      Damage    Failure   Level
a - Sandblast             Erth           26%        2d8       16%         1
b - Passwall              Erth           13%        N/A       41%         3
c - Stone Arrow           Conj/Erth      18%        3d8       56%         3

Your spell library contained the following spells:

 Spells                   Type           Power      Damage    Failure   Level
 Brom's Barrelling Bould  Conj/Erth      9%         2d3       93%         4
 Petrify                  Alch/Erth      7%         N/A       96%         4


Dungeon Overview and Level Annotations

Branches:
Dungeon (3/15) Zot: 15593

Altars:

Shops:
D:1 ?=(!:

Annotations:
D:1 Terence


Innate Abilities, Weirdness & Mutations

You sometimes gain a little power by taking damage.


Message History

Casting: Sandblast (safe; 16% risk of failure)
Confirm with . or Enter, or press ? or * to list all spells.
Aiming: Sandblast (safe; 16% risk of failure)
Press: ? - help, Shift-Dir - straight line, f/p - bat
Aim: a bat (73% to hit)
The blast of sand hits the bat!
You kill the bat!
The gnoll hits you with a +0 flail. The gnoll closely misses you.
Unknown command.
You barely miss the gnoll. The gnoll barely misses you.
Unknown command.
You hit the gnoll but do no damage. The gnoll hits you with a +0 flail.
Unknown command.
You hit the gnoll but do no damage. The gnoll misses you.
Unknown command.
You completely miss the gnoll. The gnoll hits you with a +0 flail.
You hit the gnoll.
The gnoll is moderately wounded.
The gnoll completely misses you.
You hit the gnoll.
The gnoll is heavily wounded.
The gnoll hits you with a +0 flail.
You closely miss the gnoll.
The gnoll is heavily wounded.
The gnoll hits you with a +0 flail.
You hit the gnoll but do no damage.
The gnoll is heavily wounded.
The gnoll hits you but does no damage.
You hit the gnoll.
The gnoll is severely wounded.
The gnoll closely misses you.
You hit the gnoll but do no damage.
The gnoll is severely wounded.
The gnoll hits you with a +0 flail!
* * * LOW HITPOINT WARNING * * *
You focus on the pain.
You feel your power returning.
You closely miss the gnoll.
The gnoll is severely wounded.
The gnoll hits you with a +0 flail!
You die...

.....'...........
.....###..#####
###### ##....##
####..#### #.......#
#.......# #.......#
### #.....$.# #..
#......@# #.#
#......g# #)#
#...$.... #.#
#........# #.#
########.. #.# #..
#.# #>. #.# .. #.#
#####################
#.#


You could see a gnoll.

Vanquished Creatures
  A dart slug (D:1)
  An orc (D:3)
  3 endoplasms
  4 giant cockroaches (D:1)
  5 goblins
  3 hobgoblins
  2 jackals (D:1)
  2 quokkas (D:2)
  3 ball pythons
  5 bats
  3 kobolds (D:1)
  2 rats
34 creatures vanquished.

Notes
Turn   | Place    | Note
-------+----------+-------------------------------------------
     0 | D:1      | protoss039 the Demonspawn Earth Elementalist began the
                  | quest for the Orb.
     0 | D:1      | Reached XP level 1. HP: 13/13 MP: 3/3
   106 | D:1      | Gained mutation: You sometimes gain a little power by
                  | taking damage. [demonic ancestry]
   106 | D:1      | Reached XP level 2. HP: 4/20 MP: 0/5
   189 | D:1      | You fall into a shaft and drop 1 floor!
   328 | D:2      | Found a faded altar of an unknown god.
   332 | D:2      | Reached skill level 1 in Fighting
   478 | D:1      | Reached skill level 3 in Earth Magic
   719 | D:1      | Found Qewiol's Distillery.
   721 | D:1      | Found Emowuyth's Antique Weapon Shop.
   733 | D:1      | Found Moryeh Geupp's Jewellery Shop.
   779 | D:1      | Bought a potion of curing for 36 gold pieces
   824 | D:1      | Found Plog's Magic Scroll Emporium.
   846 | D:1      | Reached XP level 3. HP: 22/26 MP: 3/6
  1071 | D:1      | Found Qeosit's Book Emporium.
  1243 | D:2      | Learned a level 3 spell: Passwall
  1412 | D:2      | Noticed Terence
  1914 | D:2      | Learned a level 3 spell: Stone Arrow
  2381 | D:3      | Slain by a gnoll

Illustrated notes

Levels and vault maps discovered:
D:1:      dpeg_arrival_pond, layout_loops_ring, serial_shops,
          nicolae_shop_window_shopping, shop, shop, shop, shop
D:2:      layout_loops_cross, ebering_ecumenical_altar_webs, minmay_liquid_box,
          uniq_crazy_yiuf_cottage, uniq_terence
D:3:      layout_basic

Skill      XL: |  1  2 |
---------------+-------+-----
Fighting       | 1 |  1.6
Earth Magic    | 3 |  3.1
Armour         | |  0.1
Dodging        | |  1.7
Stealth        | |  1.7
Spellcasting   | |  2.5
Conjurations   | |  1.0

Action                     || total
---------------------------++-------
  Melee: Unarmed           ||    31
         Club              ||    14
         Dagger            ||    24
   Cast: Sandblast         ||    42
    Use: Potion            ||     1
   Stab: Sleeping          ||     1
 Armour: Robe              ||    20
         Ring mail         ||    71
  Dodge: Dodged            ||    82

Table legend: (Time is in decaauts)
 A = Elapsed time spent in this place.
 B = Non-inter-level travel time spent in this place.
 C = Inter-level travel time spent in this place.
 D = Time resting spent in this place.
 E = Time spent auto-exploring this place.
 F = Levels seen in this place.
 G = Mean time per level.
                   A        B        C        D        E       F      G
               +--------+--------+--------+--------+--------+-----+--------+
         Total |   2405 |   2313 |     92 |     52 |   1855 |   3 |  801.7 |
       Dungeon |   2405 |   2313 |     92 |     52 |   1855 |   3 |  801.7 |
               +--------+--------+--------+--------+--------+-----+--------+

Top non-repeatable levels by time:
     D:1: 1164 daAuts
     D:2: 772 daAuts
     D:3: 468 daAuts
